 Dungeon Crawl Stone Soup version 0.23-a0-54-gae6112e (webtiles) character file.

31 galech the Thaumaturge (level 3, -1/25 HPs)
             Began as a Gnoll Wanderer on Aug 8, 2018.
             Slain by a quokka (5 damage)
             ... on level 2 of the Dungeon.
             The game lasted 00:01:56 (1041 turns).

galech the Thaumaturge (Gnoll Wanderer)             Turns: 1041, Time: 00:01:57

Health: -1/25      AC:  2    Str: 12 (13) XL:     3   Next: 22%
Magic:  15/17      EV: 16    Int: 17 (18) God:
Gold:   26         SH:  0    Dex: 14 (17) Spells: 25/27 levels left

rFire    . . .     SeeInvis .   i - +0 short sword
rCold    . . .     Gourm    .   (no shield)
rNeg     . . .     Faith    .   e - +0 robe
rPois    .         Spirit   .   (no helmet)
rElec    .         Reflect  .   (no cloak)
rCorr    .         Harm     .   (no gloves)
MR       .....                  (no boots)
Stlth    +++.......             (no amulet)
HPRegen  0.08/turn              (no ring)
MPRegen  0.15/turn              (no ring)

@: agile, lethally poisoned (-1 -> -4), flying
A: distributed training, fangs 1, strong nose
a: no special abilities


You were on level 2 of the Dungeon.
You were hungry.

You visited 1 branch of the dungeon, and saw 2 of its levels.

You collected 26 gold pieces.

Inventory:

Hand Weapons
 b - a +2 blowgun
 c - a +0 dagger
 i - a +0 short sword (weapon)
Missiles
 a - 3 curare-tipped needles
Armour
 e - a +0 robe (worn)
Scrolls
 h - a scroll of fear {unknown}
Comestibles
 f - a ration
 k - a chunk of flesh


   Skills:
 + Level 0.6 Fighting
 + Level 0.6 Short Blades
 + Level 0.6 Long Blades
 + Level 0.6 Axes
 + Level 0.6 Maces & Flails
 + Level 0.6 Polearms
 + Level 0.6 Staves
 + Level 0.6 Slings
 + Level 0.6 Bows
 + Level 0.6 Crossbows
 + Level 2.5 Throwing
 + Level 0.6 Armour
 + Level 0.6 Dodging
 + Level 0.6 Stealth
 + Level 2.5 Shields
 + Level 0.6 Unarmed Combat
 + Level 12.9 Spellcasting
 + Level 0.4 Conjurations
 + Level 0.4 Hexes
 + Level 0.4 Charms
 + Level 2.1 Summonings
 + Level 2.1 Necromancy
 + Level 0.4 Translocations
 + Level 0.4 Transmutations
 + Level 0.4 Fire Magic
 + Level 0.4 Ice Magic
 + Level 0.4 Air Magic
 + Level 0.4 Earth Magic
 + Level 0.4 Poison Magic
 + Level 0.8 Invocations
 + Level 0.6 Evocations


You had 25 spell levels left.
You knew the following spells:

 Your Spells              Type           Power        Failure   Level  Hunger
a - Summon Butterflies    Summ           ###.....     2%          1    None
b - Sting                 Conj/Pois      ##..         5%          1    None

Your spell library contained the following spells:

 Spells                   Type           Power        Failure   Level  Hunger
 Ignite Poison            Fire/Tmut/Pois ##......     16%         3    None
 Summon Guardian Golem    Hex/Summ       ###.....     11%         3    None


Dungeon Overview and Level Annotations

Branches:
Dungeon (2/15)

Altars:
Hepliaklqana
Xom


Innate Abilities, Weirdness & Mutations

Your experience applies equally to all skills.
You have very sharp teeth.
Your uncanny sense of smell can sniff out nearby items.


Message History

The quokka twitches its whiskers.
The quokka bites you but does no damage.
The adder closely misses you. The quokka completely misses you.
The adder barely misses you.
You closely miss the adder.
The adder is almost dead.
The adder misses you. The quokka closely misses you.
You hit the adder.
You kill the adder!
You have reached level 3!
Your experience leads to an increase in your attributes!
Your base attributes are Str 13, Int 18, Dex 11.
Increase (S)trength, (I)ntelligence, or (D)exterity?
You feel agile. The quokka completely misses you.
You hit the quokka.
The quokka is almost dead.
* * * LOW HITPOINT WARNING * * *
You feel sick. The quokka bites you.
You die...

#..................#
#.############.$##.#
#.# ##.# #.# #.#
###.### #.# #.....#
#####.#
#.###.#######...#.##.#
#.# #>......#.#.)....#
#.###.#####.#..@#.####
#.....# #.##r##...
#)#.### #.##. #.###
##.#.# ####.##. #.#
...#.# #....##. #.#
####.# #.#####. ... #
#.# #.# #. ... # #.#
#.# #. # #.####.#


You could see a quokka.

Vanquished Creatures
  An adder (D:2)
  A dart slug (D:1)
  A leopard gecko (D:1)
  3 bats
  A giant cockroach (D:2)
  3 hobgoblins
  A ball python (D:2)
  A frilled lizard (D:1)
  4 kobolds
  3 rats
19 creatures vanquished.

Notes
Turn   | Place    | Note
-------+----------+-------------------------------------------
     0 | D:1      | Reached skill level 12 in Spellcasting
     0 | D:1      | galech the Gnoll Wanderer began the quest for the Orb.
     0 | D:1      | galech set off with: 4 curare-tipped needles, a +2 blowgun, a +0 robe, a ration
     0 | D:1      | Reached XP level 1. HP: 13/13 MP: 14/14
    46 | D:1      | Learned a level 1 spell: Summon Butterflies
   306 | D:1      | Found a shattered altar of Ashenzari.
   308 | D:1      | Found a shimmering altar of Xom.
   308 | D:1      | Found a hazy altar of Hepliaklqana.
   310 | D:1      | Found a glowing golden altar of the Shining One.
   310 | D:1      | Found a sparkling altar of Nemelex Xobeh.
   310 | D:1      | Found an iron altar of Okawaru.
   319 | D:1      | Reached XP level 2. HP: 11/19 MP: 15/15
   522 | D:1      | Learned a level 1 spell: Sting
  1040 | D:2      | Reached XP level 3. HP: 5/25 MP: 14/17
  1041 | D:2      | Slain by a quokka

Vault maps used:
D:1:      dpeg_arrival_shelter, doesnt_xom_only_xom
D:2:      uniq_sigmund

Skill      XL: |  1 |
---------------+----+-----
Spellcasting   | | 12.9
Summonings     | 2 |  2.1
Necromancy     | 2 |  2.1
Fighting       | |  0.6
Short Blades   | |  0.6
Long Blades    | |  0.6
Axes           | |  0.6
Maces & Flails | |  0.6
Polearms       | |  0.6
Staves         | |  0.6
Slings         | |  0.6
Bows           | |  0.6
Crossbows      | |  0.6
Throwing       | |  2.5
Armour         | |  0.6
Dodging        | |  0.6
Stealth        | |  0.6
Shields        | |  2.5
Unarmed Combat | |  0.6
Conjurations   | |  0.4
Hexes          | |  0.4
Charms         | |  0.4
Translocations | |  0.4
Transmutations | |  0.4
Fire Magic     | |  0.4
Ice Magic      | |  0.4
Air Magic      | |  0.4
Earth Magic    | |  0.4
Poison Magic   | |  0.4
Invocations    | |  0.8
Evocations     | |  0.6

Action                   || total
-------------------------++-------
Melee: Dagger            ||    70
       Bite              ||    10
       Short sword       ||    30
 Fire: Blowgun           ||     1
 Cast: Summon Butterflie ||     1
       Sting             ||     3
  Use: Potion            ||     3
 Stab: Sleeping          ||     1
Armor: Robe              ||    31
Dodge: Dodged            ||    77

Table legend:
 A = Spawn XP
 B = Non-spawn XP
 C = Spawn XP percentage of total XP
 D = Spawn monster count
 E = Non-spawn monster count
 F = Spawn count percentage of total count
 G = Total turns spent on level
                    A         B        C        D         E        F      G
               +---------+---------+-------+---------+---------+-------+---------
         Total |       0 |      45 |   0.0 |       0 |      19 |   0.0 |  1041
               +---------+---------+-------+---------+---------+-------+---------
           D:1 |       0 |      22 |   0.0 |       0 |      12 |   0.0 |   766
           D:2 |       0 |      23 |   0.0 |       0 |       7 |   0.0 |   275
               +---------+---------+-------+---------+---------+-------+---------
